 Dungeon Crawl Stone Soup version 0.20.1-1-g8b1a95d66d (webtiles) character file.

2375 Nehanshika the Carver (level 9, -5/82 HPs)
             Began as a Red Draconian Fighter on Dec 27, 2017.
             Was an Initiate of Ru.
             Slain by a hippogriff (11 damage)
             ... summoned by an orange crystal statue
             ... on level 7 of the Dungeon.
             The game lasted 00:30:45 (6788 turns).

Nehanshika the Carver (Red Draconian Fighter)       Turns: 6788, Time: 00:30:47

Health: -5/82      AC:  8    Str: 20      XL:     9   Next: 21%
Magic:  0/9        EV: 11    Int:  8 (9)  God:    Ru [......]
Gold:   319        SH:  0    Dex: 12      Spells: 8/8 levels left

rFire    + . .     SeeInvis .   v - +0 scimitar
rCold    . . .     Gourm    .   p - +0 large shield
rNeg     . . .     Faith    .   (armour unavailable)
rPois    .         Spirit   .   (helmet restricted)
rElec    .         Reflect  .   (no cloak)
rCorr    .         Harm     .   (no gloves)
MR       .....                  q - +0 pair of boots
Stlth    +.........             (no amulet)
Regen    0.0/turn               (no ring)
MPRegen  0.2/turn               (no ring)

@: confused
A: breathe fire, unfitting armour, fire resistance 1, robust 1, inhibited
regeneration, cold-blooded, AC +7
a: Breathe Fire, Renounce Religion


You were on level 7 of the Dungeon.
You worshipped Ru.
Ru was noncommittal.
You were not hungry.

You visited 1 branch of the dungeon, and saw 7 of its levels.

You collected 319 gold pieces.

Inventory:

Hand Weapons
 o - a +0 great sword
 t - a +0 falchion
 v - a +0 scimitar (weapon)
Armour
 p - a +0 large shield (worn)
 q - a +0 pair of boots (worn)
Jewellery
 e - an uncursed amulet of the gourmand {unknown}
Wands
 u - a wand of scattershot (2/9)
Scrolls
 a - 2 scrolls of random uselessness {unknown}
 c - a scroll of amnesia {unknown}
 f - 8 scrolls of identify {unknown}
 g - a scroll of fog {unknown}
 i - 7 scrolls of teleportation {unknown}
 l - 2 scrolls of recharging {unknown}
 m - 10 scrolls of remove curse {unknown}
 s - a scroll of magic mapping {unknown}
Potions
 b - a potion of haste {unknown}
 h - 3 potions of curing
 n - a potion of lignification
Comestibles
 d - 5 bread rations
 j - 3 meat rations
 k - 2 fruits
 r - 6 royal jellies


   Skills:
 + Level 6.2 Fighting
 + Level 8.2 Long Blades
 + Level 5.2 Dodging
 - Level 1.3 Stealth
 + Level 7.0 Shields


You had 8 spell levels left.
You didn't know any spells.

Dungeon Overview and Level Annotations

Branches:
Dungeon (7/15)             Temple (0/1) D:5

Altars:
Fedhas
Ru

Shops:
D:7 (%(}

Annotations:
D:4 1 exclusion
D:7 1 runed door, exclusion: 4 orange crystal statues


Innate Abilities, Weirdness & Mutations

You can breathe blasts of fire.
Your fiery red scales are hard. (AC +7)
You cannot fit into any form of body armour.
Your flesh is heat resistant. (rF+)
You do not regenerate when monsters are visible.
You are cold-blooded and may be slowed by cold attacks.
You are robust. (+10% HP)


Message History

The orange crystal statue glitters topaz in the dim dungeon light.
The ogre barely misses you.
The hippogriff bites you but does no damage.
The hippogriff pecks you but does no damage.
The hippogriff claws you.
* * * LOW HITPOINT WARNING * * *
The iguana bites you!
* * * LOW HITPOINT WARNING * * *
The hippogriff bites you!
* * * LOW HITPOINT WARNING * * *
The hippogriff pecks you but does no damage.
The hippogriff completely misses you. The iguana misses you.
The ogre misses you.
The orange crystal statue glitters.
You resist with some effort.
The orange crystal statue glitters.
You easily resist.
The orange crystal statue fixes its piercing gaze on you.
The hippogriff bites you!
You die...

.. #....>..... #.
#.......... #. #..........
#. #.......... ## #.#+#
####..........
#.$.##...####...........).
#.............######'####.
#..####'####..# #..# #.
#8..FH@8#..# ####'###)
#.#.Zl#O#..# #.......)
#......H#.## #........
..#...[...#.# #........
#..#.......#.# #........
#. #.#...#.#.# #........ #
#8.....8#.. ##.......
####+####... #.###.#.
..... #. .....


You could see 4 orange crystal statues, 2 hippogriffs, an ogre, a bullfrog, an
iguana and an adder skeleton.

Vanquished Creatures
  Pikel (D:5)
  Grinder (D:5)
  The ghost of Necrophagist the Conjurer, an amateur DECj of Sif Muna (D:3)
  The ghost of Noxor the Sneak, an amateur SpEn (D:4)
  A black bear (D:6)
  An ice beast (D:7)
  A phantom (D:4)
  2 ogres (D:4)
  A bullfrog (D:6)
  2 scorpions
  5 wights (D:6)
  A howler monkey (D:5)
  A bullfrog zombie (D:7)
  A crimson imp (D:5)
  2 centaur zombies
  A jelly (D:6)
  A hound (D:5)
  2 orc priests
  A bullfrog skeleton (D:4)
  3 orc wizards
  An iguana (D:5)
  Terence (D:3)
  Natasha (thrice) (D:3 D:5)
  4 worker ants
  A hound skeleton (D:5)
  4 adders
  An ooze (D:4)
  2 worms
  3 dart slugs
  5 leopard geckos
  10 orcs
  A bat (D:1)
  5 giant cockroaches
  3 goblins
  6 hobgoblins
  2 jackals (D:3)
  5 quokkas
  2 ball pythons
  3 frilled lizards
  3 kobolds
  A quokka skeleton (D:4)
  8 rats
104 creatures vanquished.

Vanquished Creatures (others)
  3 slaves (D:5)
  A bullfrog zombie (D:5)
  An iguana (D:5)
  An adder (D:5)
  A dart slug (D:5)
  A frilled lizard (D:5)
8 creatures vanquished.

Grand Total: 112 creatures vanquished

Notes
Turn   | Place    | Note
-------+----------+-------------------------------------------
     0 | D:1      | Nehanshika the Draconian Fighter began the quest for the Orb.
     0 | D:1      | Reached XP level 1. HP: 19/19 MP: 1/1
   410 | D:1      | Reached XP level 2. HP: 24/26 MP: 2/2
   994 | D:2      | Found a blossoming altar of Fedhas.
  1127 | D:2      | Reached XP level 3. HP: 33/33 MP: 3/3
  1751 | D:3      | Noticed Necrophagist's ghost (amateur DECj)
  1768 | D:3      | Killed Necrophagist's ghost
  1768 | D:3      | Reached skill level 3 in Long Blades
  1768 | D:3      | Reached skill level 1 in Stealth
  1768 | D:3      | Reached XP level 4. HP: 8/40 MP: 4/4
  1768 | D:3      | Reached XP level 5. HP: 9/46 MP: 5/5
  2129 | D:3      | Noticed Natasha
  2136 | D:3      | Killed Natasha
  2145 | D:3      | Noticed Natasha
  2158 | D:3      | Killed Natasha
  2166 | D:3      | Reached skill level 4 in Long Blades
  2209 | D:3      | Noticed Terence
  2220 | D:3      | Killed Terence
  2364 | D:3      | Found a sacrificial altar of Ru.
  2370 | D:3      | Became a worshipper of Ru the Awakened
  2799 | D:4      | Reached XP level 6. HP: 32/52 MP: 6/6
  3106 | D:4      | Noticed Noxor's ghost (amateur SpEn)
  3136 | D:4      | Killed Noxor's ghost
  3136 | D:4      | Reached skill level 5 in Long Blades
  3136 | D:4      | Your scales start taking on a fiery red colour.
  3136 | D:4      | Reached XP level 7. HP: 51/60 MP: 7/7
  3136 | D:4      | Gained mutation: Your flesh is heat resistant. (rF+) [Red Draconian growth]
  3834 | D:4      | Reached skill level 5 in Shields
  4089 | D:5      | Entered Level 5 of the Dungeon
  4099 | D:5      | Gained mutation: You do not regenerate when monsters are visible. [Ru sacrifice]
  4262 | D:5      | Noticed Pikel
  4269 | D:5      | Reached skill level 6 in Long Blades
  4319 | D:5      | Killed Pikel
  4319 | D:5      | Reached skill level 5 in Fighting
  4319 | D:5      | Reached XP level 8. HP: 31/68 MP: 8/8
  4434 | D:5      | Noticed Natasha
  4443 | D:5      | Killed Natasha
  4570 | D:5      | Found a staircase to the Ecumenical Temple.
  4640 | D:5      | Reached skill level 7 in Long Blades
  4670 | D:5      | Noticed Grinder
  4680 | D:5      | Gained mutation: Your large and strong wings let you fly indefinitely. [potion of mutation]
  4680 | D:5      | Gained mutation: You are clumsy. (Dex -2) [potion of mutation]
  4680 | D:5      | Gained mutation: You have a pair of small antennae on your head. [potion of mutation]
  4680 | D:5      | Lost mutation: You are clumsy. (Dex -2) [potion of mutation]
  4680 | D:5      | HP: 1/103 [Grinder (5)]
  4694 | D:5      | Killed Grinder
  5484 | D:5      | Lost mutation: Your large and strong wings let you fly indefinitely. [potion of mutation]
  5484 | D:5      | Lost mutation: You have a pair of small antennae on your head. [potion of mutation]
  5484 | D:5      | Gained mutation: You are robust. (+10% HP) [potion of mutation]
  5484 | D:5      | Gained mutation: Your spells are a little easier to cast, but a little less powerful. [potion of mutation]
  5484 | D:5      | Lost mutation: Your spells are a little easier to cast, but a little less powerful. [potion of mutation]
  5685 | D:6      | Reached skill level 5 in Dodging
  6073 | D:6      | Reached XP level 9. HP: 82/82 MP: 9/9
  6091 | D:6      | Reached skill level 8 in Long Blades
  6362 | D:7      | Found Zodita's Food Emporium.
  6565 | D:7      | Found Icisoweu's Weapon Emporium.
  6568 | D:7      | Found Ygesch's Gadget Emporium.
  6568 | D:7      | Found Syryxt's Weapon Emporium.
  6752 | D:7      | Found a runed door.
  6766 | D:7      | Noticed an orange crystal statue
  6772 | D:7      | Noticed an orange crystal statue
  6772 | D:7      | Noticed an orange crystal statue
  6772 | D:7      | Noticed an orange crystal statue
  6773 | D:7      | Found a runed door.
  6788 | D:7      | Slain by a hippogriff

Skill      XL: |  1  2  3  4  5  6  7  8  9 |
---------------+----------------------------+-----
Fighting       | 4 5 6 |  6.2
Long Blades    | 3 4 5 6 7 8 |  8.2
Dodging        | 3 4 5 |  5.2
Stealth        | 1 |  1.3
Shields        | 4 5 6 7 |  7.0

Action                   |  1- 3 |  4- 6 |  7- 9 || total
-------------------------+-------+-------+-------++-------
Melee: Long sword        |    73 |   101 |       ||   174
       Tailslap          |     8 |    22 |    51 ||    81
       Falchion          |       |    35 |   313 ||   348
       Scimitar          |       |       |    22 ||    22
Invok: Sacrifice Purity  |       |       |     1 ||     1
 Abil: Breathe Fire      |       |       |     7 ||     7
  Use: Potion            |     1 |     2 |     6 ||     9
 Stab: Sleeping          |     2 |     2 |     1 ||     5
  Eat: Chunk             |     2 |     1 |     9 ||    12
       Bread ration      |       |     1 |     1 ||     2
Armor: Skin              |    24 |    25 |    67 ||   116
Dodge: Dodged            |    21 |    31 |    83 ||   135
Block: Shield            |    23 |       |       ||    23
       Large shield      |    11 |    90 |   203 ||   304
       Rpst.: Long sword |     4 |     9 |       ||    13
       Falchion          |       |     3 |    16 ||    19
       Scimitar          |       |       |     1 ||     1
